Map: El Dorado

Players

DrunkInjn

  • Race: Zerg Zerg
  • League: Bronze
  • Spawn Location: 5:00

wootwoot - Winner!

  • Race: Zerg Zerg
  • League: Bronze
  • Spawn Location: 7:00

VOD

Have the link to the VOD?

Description

Time

  • Played on: April 1, 2025, 2:57 p.m.
  • Length: 3:24
Show
View Real Time Build Order
Export as new Build Order

DrunkInjn Zerg 

Build Orders: Pool Only 

Get SALT Encoding   

  12  0:20  Spawning Pool  
  11  0:23  Drone  
  11  0:26  Extractor  
  11  0:30  Drone  
  12  0:40  Overlord  
  12  0:45  Drone  
  13  0:52  Drone  
  14  1:01  Drone  
  15  1:12  Zergling x2  
  16  1:19  Queen  
  18  1:28  Overlord  
  18  1:32  Drone  
  19  1:40  Metabolic Boost  
  19  1:51  Zergling x2  
  19  1:52  Zergling x2  
  21  2:02  Queen  
  21  2:05  Zergling x2  
  22  2:21  Zergling x2  
  23  2:29  Drone  
  22  2:30  Zergling x4  
  22  2:31  Zergling x2  
  22  2:48  Zergling x4  
  22  2:58  Drone, Roach Warren  
Show
View Real Time Build Order
Export as new Build Order

wootwoot Zerg - Winner!

Build Orders: Pool First 

Get SALT Encoding   

  12  0:00  Drone  
  13  0:08  Drone  
  13  0:13  Extractor  
  13  0:29  Spawning Pool  
  13  0:32  Drone  
  13  0:41  Overlord  
  13  1:16  Zergling x6, Metabolic Boost  
  16  1:28  Zergling x2  
  16  1:31  Queen  
  19  1:43  Zergling x2  
  20  1:50  Zergling x2  
  21  1:59  Overlord  
  21  2:11  Zergling x2  
  21  2:21  Zergling x2  
  21  2:32  Zergling x2  
  21  2:41  Hatchery, Zergling x6  
  22  2:51  Zergling x2  
  22  2:58  Zergling x2  
Tags
 
Matchup
ZvZ
Race
Zerg
Replay Pack
B2M-Replays
Spawn Locations
Close Positions
Add a new tag
Caveats
  • Supply blocks, unpowered buildings, or Contaminate may cause inaccurate times.
  • Supply counts are checked every 10 seconds.